 Dungeon Sprint DCSS version 0.29-a0-375-g5102b3be25 (webtiles) character file.

Game seed: 11772884794819346279

24239 mhtbhm the Executioner (level 12, -2/201 HPs)
             Began as a Minotaur Fighter on May 3, 2022.
             Was an Initiate of Gozag.
             Slain by an anaconda (4 damage)
             ... while paralysed by a vampire knight
             ... in the Dungeon (Sprint VII: "The Pits").
             The game lasted 00:09:22 (3805 turns).

mhtbhm the Executioner (Minotaur Fighter)           Turns: 3805, Time: 00:09:22

Health: -2/201     AC: 20    Str: 28    XL:     12   Next: 78%
Magic:  11/11      EV:  2    Int:  9    God:    Gozag
Gold:   4404       SH:  0    Dex: 11    Spells: 11/11 levels left

rFire   + . .      SeeInvis +   a - +3 battleaxe of Sulphur {freeze, Int+4 SInv}
rCold   + . .      Faith    .   (shield currently unavailable)
rNeg    . . .      Spirit   .   b - +4 chain mail
rPois   +          Reflect  .   (helmet restricted)
rElec   +          Harm     .   (no cloak)
rCorr   +          Rampage  .   (no gloves)
Will    .....      NoTele   +   r - +0 pair of boots
Stlth   ..........              (no amulet)
HPRegen 0.43/turn               n - +3 ring of strength
MPRegen 0.12/turn               w - ring of poison resistance

@: paralysed, mighty, berserking, resistant, hasted, unable to read
A: horns 2, retaliatory headbutt, inability to read while threatened
a: Renounce Religion, Potion Petition, Call Merchant, Bribe Branch


You were in the Dungeon.
You worshipped Gozag.
Gozag was most pleased with you.
You visited 1 branch You collected 8095 gold pieces.
You spent 356 gold pieces at shops.
You paid 3335 gold pieces to Gozag.

Inventory:

Hand Weapons
 a - the +3 battleaxe of Sulphur (weapon) {freeze, Int+4 SInv}
   (You bought it in a shop in the Dungeon)

   It freezes those it strikes, dealing additional cold damage.
   It can also slow down cold-blooded creatures.
   Int:       It affects your intelligence (+4).
   SInv:      It lets you see invisible.
 E - a +5 war axe of freezing
Missiles
 o - 3 throwing nets
 s - 16 poisoned darts (quivered)
 B - 3 silver javelins
Armour
 b - a +4 chain mail (worn)
 c - a +0 buckler
 r - a +0 pair of boots (worn)
Jewellery
 n - a +3 ring of strength (left hand)
 t - a ring of willpower
 w - a ring of poison resistance (right hand)
Wands
 v - a wand of paralysis (8)
Scrolls
 j - 2 scrolls of blinking
 l - 5 scrolls of amnesia
 m - a scroll of summoning
 u - 3 scrolls of identify
 x - a scroll of silence
 y - 4 scrolls of enchant armour
 z - 2 scrolls of fear
 A - 4 scrolls of enchant weapon
Potions
 d - 2 potions of might
 e - a potion of curing
 f - 10 potions of heal wounds
 g - 2 potions of haste
 h - 4 potions of magic
 i - 6 potions of berserk rage
 k - 2 potions of invisibility
 p - 2 potions of brilliance
 q - a potion of resistance
Miscellaneous
 C - a lightning rod (2/4)
 D - a box of beasts (inert)


   Skills:
 + Level 20.5 Fighting
 + Level 22.4 Axes
 + Level 0.7 Throwing
 + Level 18.8 Armour
 + Level 7.6 Dodging
 + Level 4.8 Stealth
 + Level 15.4 Shields
 - Level 0.9 Unarmed Combat
 + Level 3.4 Evocations


You had 11 spell levels left.
You didn't know any spells.
Your spell library contained the following spells:

 Spells                   Type           Power      Damage    Failure   Level
 Fulminant Prism          Conj/Hex       0%         3d6       100%        4
 Iskenderun's Mystic Bla  Conj/Tloc      0%         2d3       100%        4
 Lee's Rapid Deconstruct  Erth           0%         3d5*      100%        5
 Chain Lightning          Conj/Air       0%         N/A       100%        9
 Fire Storm               Conj/Fire      0%         5d1       100%        9
 Shatter                  Erth           0%         3d5*      100%        9


Dungeon Overview and Level Annotations

Branches:
Dungeon (1/1)

Altars:
Ashenzari
Cheibriados
Dithmenos
Elyvilon
Fedhas
Gozag
Hepliaklqana
Kikubaaqudgha
Makhleb
Nemelex Xobeh
Okawaru
Qazlal
Ru
Sif Muna
Trog
Uskayaw
Vehumet
Wu Jian
Xom
Yredelemnul
Zin
The Shining One
Beogh
Jiyva
Lugonu

Shops:
D (


Innate Abilities, Weirdness & Mutations

You have a pair of horns on your head.
You reflexively headbutt those who attack you in melee.
You sometimes lose the ability to read scrolls when taking damage.


Message History

The vampire knight completely misses you.
The vampire knight hits you but does no damage.
The vampire knight bites you but does no damage.
Unknown command.
Unknown command.
A red film seems to cover your vision as you go berserk!
You feel yourself moving faster!
You feel mighty!
You hit the vampire knight.
Your headbutt misses the vampire knight.
The vampire knight is moderately damaged.
The anaconda is no longer distracted by gold.
The vampire knight hits you with a +0 great mace!!
* * * LOW HITPOINT WARNING * * *
The vampire knight bites you but does no damage.
The vampire knight barely misses you.
You slash the vampire knight! You freeze the vampire knight.
The vampire knight is heavily damaged.
You barely miss the vampire knight.
The vampire knight is heavily damaged.
The vampire knight gestures wildly while chanting.
The vampire knight seems to speed up.
The vampire knight points at you and mumbles some strange words.
You suddenly lose the ability to move!
The vampire knight hits you with a +0 great mace!!
* * * LOW HITPOINT WARNING * * *
The vampire knight bites you but does no damage.
A red devil comes into view.
It is wielding a +0 trident and wearing a +1 plate armour of fire resistance.
The vampire knight gestures at you while chanting.
The vampire knight blinks!
The vampire knight hits you with a +0 great mace!
* * * LOW HITPOINT WARNING * * *
The vampire knight bites you!
* * * LOW HITPOINT WARNING * * *
The vampire knight draws strength from your injuries!
The vampire knight hits you with a +0 great mace.
* * * LOW HITPOINT WARNING * * *
The vampire knight bites you but does no damage.
The anaconda barely misses you. The anaconda bites you.
You die...
Your body crumbles into a pile of gold.

$ #..################..##..#
#..## #..##... $ #..#$# #..##...
#..##:# #..####' $ #..# #h#
#..####' $ $ #..# #4# #..##.).
#..#####ยง######## #..##.#'
########.......VS....... #.#.
_____.##.......H@..V.... #.[)
_____.###########++##### #.#.
___...###########++###########.+.
#####'##................##..##.##
')))'.##......#..#......##..##.
#####.##................''..###
.......'................''..#####
##'#####......#..#......##.......
#..#.[##................##.......


You could see 2 vampire knights, an anaconda, a warg, a red devil and a friendly
larval stingfire beast (summoned).

Vanquished Creatures
  A nagaraja (D)
  2 deep elf demonologists (D)
  A minotaur (D)
  Erica (D)
  A centaur warrior (D)
  2 death yaks (D)
  2 vampire magi (D)
  An iron troll (D)
  3 skeletal warriors (D)
  A death drake (D)
  A deep troll (D)
  A swamp dragon (D)
  A bog body (D)
  A large abomination (D)
  A necromancer (D)
  A wizard (D)
  A deep elf zephyrmancer (D)
  An orc knight (D)
  A lindwurm (D)
  An elephant (D)
  Joseph (D)
  A molten gargoyle (D)
  2 black mambas (D)
  An efreet (D)
  2 demonic crawlers (D)
  2 kobold demonologists (D)
  An unseen horror (D)
  2 komodo dragons (D)
  A freezing wraith (D)
  An ice devil (D)
  A guardian mummy (D)
  2 trolls (D)
  Grinder (D)
  2 merfolk (D)
  A tyrant leech (D)
  A tarantella (D)
  A wind drake (D)
  10 dream sheep (D)
  A jumping spider (D)
  A flying skull (D)
  A vampire (D)
  A small abomination (D)
  A wyvern (D)
  A ynoxinul (D)
  A basilisk (D)
  A water elemental (D)
  A fire bat (D)
  A water moccasin (D)
  2 floating eyes (D)
  A swamp drake (D)
  2 orc warriors (D)
  An ogre (D)
  3 centaurs (D)
  7 wolves (D)
  2 kobold brigands (D)
  A bullfrog (D)
  A necrophage (D)
  An earth elemental (D)
  3 killer bees (D)
  A crimson imp (D)
  A jelly (D)
  An orc wizard (D)
  2 adders (D)
  A white imp (D)
  5 orcs (D)
  2 bats (D)
  An endoplasm (D)
  A goblin (D)
  4 jackals (D)
  A quokka (D)
  A ball python (D)
  A ball python simulacrum (D)
  A ball python skeleton (D)
  A ball python zombie (D)
  A bat simulacrum (D)
  2 frilled lizards (D)
  A giant cockroach simulacrum (D)
  A rat (D)
121 creatures vanquished.

Vanquished Creatures (others)
  A wizard (D)
  A kobold brigand (D)
2 creatures vanquished.

Grand Total: 123 creatures vanquished

Notes
Turn   | Place    | Note
-------+----------+-------------------------------------------
     0 | D        | mhtbhm the Minotaur Fighter began the quest for the Orb.
     0 | D        | Reached XP level 1. HP: 19/19 MP: 0/0
    25 | D        | Found a bloodstained altar of Trog.
    25 | D        | Found a shimmering blue altar of Sif Muna.
    25 | D        | Found a viscous altar of Jiyva.
    25 | D        | Found a hazy altar of Hepliaklqana.
    25 | D        | Found an opulent altar of Gozag.
    26 | D        | Found a glowing golden altar of the Shining One.
    26 | D        | Found a glowing silver altar of Zin.
    26 | D        | Found a basalt altar of Yredelemnul.
    26 | D        | Found a shimmering altar of Xom.
    26 | D        | Found an ornate altar of the Wu Jian Council.
    26 | D        | Found a sacrificial altar of Ru.
    26 | D        | Found a stormy altar of Qazlal.
    26 | D        | Found an iron altar of Okawaru.
    26 | D        | Found a sparkling altar of Nemelex Xobeh.
    26 | D        | Found a burning altar of Makhleb.
    26 | D        | Found a blossoming altar of Fedhas.
    26 | D        | Found a white marble altar of Elyvilon.
    26 | D        | Found a shadowy altar of Dithmenos.
    26 | D        | Found a snail-covered altar of Cheibriados.
    28 | D        | Found a radiant altar of Vehumet.
    28 | D        | Found a corrupted altar of Lugonu.
    29 | D        | Found a hide-covered altar of Uskayaw.
    29 | D        | Found an ancient bone altar of Kikubaaqudgha.
    29 | D        | Found a broken altar of Ashenzari.
    35 | D        | Became a worshipper of Gozag Ym Sagoz the Greedy
    79 | D        | Noticed a floating eye
    80 | D        | Killed a floating eye
    81 | D        | Reached skill level 4 in Axes
    81 | D        | Reached XP level 2. HP: 31/31 MP: 1/1
    81 | D        | Reached XP level 3. HP: 38/38 MP: 2/2
    81 | D        | Reached XP level 4. HP: 45/45 MP: 3/3
   377 | D        | Noticed a bullfrog
   378 | D        | Noticed a fire bat
   383 | D        | Reached XP level 5. HP: 47/53 MP: 4/4
   390 | D        | Killed a fire bat
   391 | D        | Reached skill level 6 in Axes
   391 | D        | Reached XP level 6. HP: 44/63 MP: 5/5
   498 | D        | Noticed an efreet
   505 | D        | Killed an efreet
   506 | D        | Reached skill level 10 in Fighting
   506 | D        | Reached skill level 7 in Axes
   506 | D        | Reached XP level 7. HP: 43/73 MP: 6/6
   515 | D        | Reached skill level 8 in Axes
   515 | D        | Reached skill level 1 in Dodging
   515 | D        | Reached skill level 10 in Shields
   516 | D        | HP: 1/74 [ogre/+0 giant club (22)]
   849 | D        | Noticed a dream sheep
   849 | D        | Noticed a dream sheep
   849 | D        | Noticed a dream sheep
   849 | D        | Noticed a dream sheep
   849 | D        | Noticed a dream sheep
   849 | D        | Noticed a troll
   856 | D        | Killed a dream sheep
   857 | D        | Reached skill level 9 in Axes
   867 | D        | Killed a dream sheep
   868 | D        | Reached XP level 8. HP: 43/83 MP: 7/7
   868 | D        | Killed a troll
   869 | D        | Reached skill level 10 in Axes
   871 | D        | Killed a dream sheep
   872 | D        | Killed a dream sheep
   873 | D        | Reached skill level 11 in Axes
   875 | D        | Killed a dream sheep
  1144 | D        | Noticed a death yak
  1144 | D        | Noticed a flying skull
  1149 | D        | Reached XP level 9. HP: 74/93 MP: 8/8
  1151 | D        | Reached skill level 12 in Axes
  1156 | D        | Killed a death yak
  1157 | D        | Reached skill level 13 in Axes
  1249 | D        | Noticed a black mamba
  1256 | D        | Killed a black mamba
  1257 | D        | Reached skill level 14 in Axes
  1269 | D        | Killed an unseen horror
  1270 | D        | Reached skill level 15 in Fighting
  1270 | D        | Reached XP level 10. HP: 78/105 MP: 9/9
  1379 | D        | Noticed an elephant
  1388 | D        | Reached skill level 15 in Armour
  1396 | D        | Killed an elephant
  1397 | D        | Reached skill level 15 in Axes
  1482 | D        | Noticed a deep elf zephyrmancer
  1487 | D        | Killed a deep elf zephyrmancer
  1488 | D        | Reached skill level 16 in Axes
  1582 | D        | Noticed a black mamba
  1582 | D        | Noticed Joseph
  1591 | D        | Killed Joseph
  1593 | D        | Killed a black mamba
  1595 | D        | Reached skill level 17 in Axes
  1942 | D        | Noticed a necromancer
  1949 | D        | Killed a necromancer
  1957 | D        | Noticed Grinder
  1960 | D        | Noticed a nagaraja
  1965 | D        | Reached XP level 11. HP: 111/116 MP: 10/10
  1984 | D        | Killed a nagaraja
  1985 | D        | Reached skill level 18 in Axes
  2007 | D        | Reached skill level 1 in Stealth
  2009 | D        | Reached skill level 19 in Axes
  2014 | D        | Killed Grinder
  2015 | D        | Reached skill level 5 in Dodging
  2494 | D        | Noticed a bog body
  2494 | D        | Noticed a deep troll
  2500 | D        | Killed a bog body
  2502 | D        | Killed a deep troll
  2772 | D        | Bought an iridescent battleaxe for 195 gold pieces
  2772 | D        | Identified the +3 battleaxe of Sulphur {freeze, Int+4 SInv}
                  | (You bought it in a shop in the Dungeon)
  2772 | D        | Bought a glowing battleaxe for 161 gold pieces
  2777 | D        | Noticed a wizard
  2812 | D        | Killed a wizard
  3123 | D        | Noticed a minotaur
  3138 | D        | Killed a minotaur
  3139 | D        | Reached skill level 20 in Axes
  3304 | D        | Noticed Erica
  3304 | D        | Noticed a death yak
  3308 | D        | Killed Erica
  3312 | D        | Killed a death yak
  3469 | D        | Noticed an iron troll
  3469 | D        | Noticed a deep elf demonologist
  3469 | D        | Noticed a large abomination
  3469 | D        | Noticed a centaur warrior
  3469 | D        | Noticed a vampire mage
  3470 | D        | Noticed a green death
  3483 | D        | Killed an iron troll
  3484 | D        | Killed a large abomination
  3485 | D        | Reached XP level 12. HP: 128/128 MP: 11/11
  3487 | D        | Gained mutation: You sometimes lose the ability to read
                  | scrolls when taking damage. [a neqoxec]
  3490 | D        | Killed a deep elf demonologist
  3493 | D        | Killed a vampire mage
  3494 | D        | Reached skill level 21 in Axes
  3502 | D        | Killed a centaur warrior
  3770 | D        | Reached skill level 15 in Shields
  3771 | D        | Noticed a vampire mage
  3773 | D        | Killed a vampire mage
  3774 | D        | Reached skill level 1 in Evocations
  3778 | D        | Noticed a deep elf demonologist
  3781 | D        | Noticed a lorocyproca
  3785 | D        | Reached skill level 22 in Axes
  3785 | D        | Killed a deep elf demonologist
  3786 | D        | Noticed an anaconda
  3787 | D        | Noticed a vampire knight
  3789 | D        | Noticed a vampire knight
  3802 | D        | Paralysed by a vampire knight for 4 turns
  3804 | D        | HP: 7/201 [vampire knight/+0 great mace (11)]
  3804 | D        | HP: 1/201 [vampire knight/+0 great mace (6)]
  3805 | D        | Slain by an anaconda

Illustrated notes

Levels and vault maps discovered:
D:        pitsprint [storerooms_1, entrance_room_1, metal_vault_1, armoury_1,
          mini_pit_1, grid_room_1, main_hall_1, silver_pit, the_coven_1,
          the_vestibule_1, steel_vault_3, golden_pit, hallway_of_sentries,
          crystal_vault_4, iron_vault_4, final_vault]

Skill      XL: |  1  2  3  4  5  6  7  8  9 10 11 12 |
---------------+-------------------------------------+-----
Fighting       | 6 7 9 10 12 13 15 16 18 20 | 20.5
Armour         | 7 9 11 12 13 14 15 17 18 | 18.8
Shields        | 6 7 8 9 10 11 12 13 14 15 | 15.4
Axes           | 4 6 7 9 11 14 17 20 22 | 22.4
Dodging        | 1 4 6 7 |  7.6
Stealth        | 4 |  4.8
Evocations     | 3 |  3.4
Throwing       | |  0.7
Unarmed Combat | |  0.9

Action                   |  1- 3 |  4- 6 |  7- 9 | 10-12 || total
-------------------------+-------+-------+-------+-------++-------
Melee: Hand axe          |     3 |    30 |    31 |       ||    64
       Headbutt          |     2 |     9 |    15 |    43 ||    69
       Broad axe         |       |       |    28 |   122 ||   150
       Unarmed           |       |       |       |    30 ||    30
       Battleaxe         |       |       |       |    48 ||    48
Throw: Dart              |       |       |       |     1 ||     1
Invok: Potion Petition   |       |     1 |     1 |     3 ||     5
       Call Merchant     |       |       |       |     1 ||     1
Evoke: Lightning rod     |       |       |       |    16 ||    16
       Box of beasts     |       |       |       |     1 ||     1
  Use: Potion            |       |     1 |     2 |    15 ||    18
 Stab: Distracted        |       |       |       |     2 ||     2
       Confused          |       |       |       |     1 ||     1
Armor: Scale mail        |     1 |     3 |       |       ||     4
       Chain mail        |       |    12 |    40 |   102 ||   154
Dodge: Dodged            |     2 |    16 |    23 |    82 ||   123
Block: Buckler           |       |     9 |    25 |    46 ||    80

Table legend: (Time is in decaauts)
 A = Elapsed time spent in this place.
 B = Non-inter-level travel time spent in this place.
 C = Inter-level travel time spent in this place.
 D = Time resting spent in this place.
 E = Time spent auto-exploring this place.
 F = Levels seen in this place.
 G = Mean time per level.
                   A        B        C        D        E       F      G
               +--------+--------+--------+--------+--------+-----+--------+
         Total |   3728 |   3728 |      0 |   2369 |    256 |   1 | 3728.0 |
       Dungeon |   3728 |   3728 |      0 |   2369 |    256 |   1 | 3728.0 |
               +--------+--------+--------+--------+--------+-----+--------+

Top non-repeatable levels by time:
       D: 3728 daAuts
